 Dungeon Crawl Stone Soup version 0.17-a0-977-g4154171 (webtiles) character file.

317 Hanyuu the Insei (level 6, -6/38 HPs)
             Began as an Octopode Transmuter on May 10, 2015.
             Killed from afar by an orc wizard (7 damage)
             ... with a magic dart
             ... on level 4 of the Dungeon.
             The game lasted 00:10:01 (4007 turns).

Hanyuu the Insei (Octopode Transmuter)              Turns: 4007, Time: 00:10:01

Health: -6/38      AC:  1    Str:  9    XL:     6   Next: 45%
Magic:  17/18      EV:  7    Int: 17    God:
Gold:   148        SH:  0    Dex: 13    Spells: 3 memorised, 3 levels left

rFire  . . .     SeeInvis .       - Unarmed
rCold  . . .     Clarity  .     (no shield)
rNeg   . . .     SustAb   .     (helmet restricted)
rPois  .         Gourm    .     h - amulet of resist mutation
rElec  .         Spirit   .     l - ring of magical power
rCorr  .         Warding  .     (no ring)
rMut   +         Stasis   .     (no ring)
MR     .....                    (no ring)
Stlth  ++........               (no ring)
                                (no ring)
                                (no ring)
                                (no ring)

@: slowed, very slow, not resistant to hostile enchantments, unstealthy
A: almost no armour, amphibious, 8 rings, constrict 8, camouflage 1, gelatinous
body 1
a: no special abilities


You were on level 4 of the Dungeon.
You were hungry.

You visited 1 branch of the dungeon, and saw 4 of its levels.

You collected 148 gold pieces.

Inventory:

Missiles
 a - 28 arrows
 d - 9 tomahawks
 e - 2 javelins
 f - 6 tomahawks of returning (quivered)
Jewellery
 h - an amulet of resist mutation (around mantle)
 l - a ring of magical power (left tentacle)
Magical devices
 q - a wand of confusion (36)
 t - a wand of teleportation (0)
Scrolls
 g - 3 scrolls of remove curse
 r - a scroll of teleportation
Potions
 i - 2 potions of ambrosia {unknown}
 j - a potion of haste {unknown}
 k - a potion of invisibility {unknown}
 m - 6 potions of curing {unknown}
 p - a potion of heal wounds {unknown}
 s - a potion of brilliance {unknown}
Books
 b - a book of Changes

   Spells                             Type                      Level
   a - Beastly Appendage              Transmutation                1
   b - Sticks to Snakes               Transmutation                2
   c - Spider Form                    Transmutation/Poison         3
   d - Ice Form                       Ice/Transmutation            4
   e - Blade Hands                    Transmutation                5
 n - a book of Callings

   Spells                             Type                      Level
   a - Summon Small Mammal            Summoning                    1
   b - Call Imp                       Summoning                    2
   c - Call Canine Familiar           Summoning                    3
   d - Summon Guardian Golem          Hexes/Summoning              3
   e - Summon Lightning Spire         Summoning/Air                4
   f - Summon Ice Beast               Ice/Summoning                4
Comestibles
 c - a slice of pizza
 o - a beef jerky


   Skills:
 - Level 1.0 Fighting
 - Level 2.1 Throwing
 - Level 2.0 Dodging
 * Level 5.9 Unarmed Combat
 - Level 2.0 Spellcasting
 + Level 3.3 Transmutations


You had 3 spell levels left.
You knew the following spells:

 Your Spells              Type           Power        Failure   Level  Hunger
a - Beastly Appendage     Trmt           ##....       6%          1    #......
b - Sticks to Snakes      Trmt           ##........   10%         2    ###....
c - Spider Form           Trmt/Pois      #.........   30%         3    ###....


Dungeon Overview and Level Annotations

Branches:
Dungeon (4/15)
 Temple: D:4-7

Altars:
Xom


Innate Abilities, Weirdness & Mutations

You cannot wear most types of armour.
You are amphibious.
You can wear up to eight rings at the same time.
You can use your tentacles to constrict eight enemies at once.
Your skin changes colour to match your surroundings (Stealth).
Your rubbery body absorbs attacks (AC +1).


Message History

Pain shoots through your body! The orc wizard closely misses you.
The orc misses you. The orc priest misses you.
You closely miss the orc priest.
The orc priest is severely wounded.
The orc wizard misses you. The orc closely misses you.
The orc priest hits you with a club. The orc wizard completely misses you.
You bite the orc priest!
You kill the orc priest!
The orc hits you with a club.
* * * LOW HITPOINT WARNING * * *
The adder misses you. The orc wizard hits you with a dagger.
* * * LOW HITPOINT WARNING * * *
Your transformation has ended.
The adder closely misses you.
There is a stone staircase leading up here.
The adder bites you.
* * * LOW HITPOINT WARNING * * *
The orc wizard casts a spell at you. The magic dart hits you!
You die...

.# ..# ..#
..###. #.# .....
#.##...#
#.#....#
#......#
#..)...#
#oS....###
...###@#.......
........o....###
................
............####
####.####.....
... ..>#.# #.#
.#.#.# #. .#.#
.#.#


You could see an orc wizard, an adder and an orc.

Vanquished Creatures
  The ghost of asdu the Cudgeler, a weakling DsAK of Lugonu (D:3)
  2 orc priests (D:4)
  Natasha (thrice) (D:3)
  2 orc wizards (D:3)
  6 adders
  An ooze (D:1)
  3 worms (D:2)
  2 giant geckos (D:2)
  4 orcs (D:3)
  2 giant cockroaches (D:1)
  12 goblins
  8 hobgoblins
  5 jackals
  4 bats
  A giant newt (D:3)
  5 kobolds
  6 rats
67 creatures vanquished.

Notes
Turn   | Place    | Note
--------------------------------------------------------------
     0 | D:1      | Hanyuu, the Octopode Transmuter, began the quest for the Orb.
     0 | D:1      | Reached XP level 1. HP: 13/13 MP: 3/3
   248 | D:1      | Found a shimmering altar of Xom.
   259 | D:1      | Reached XP level 2. HP: 15/18 MP: 5/5
   269 | D:1      | Learned a level 2 spell: Sticks to Snakes
  1182 | D:2      | Reached skill level 4 in Unarmed Combat
  1182 | D:2      | Reached XP level 3. HP: 16/23 MP: 6/6
  1187 | D:2      | Learned a level 3 spell: Spider Form
  1853 | D:2      | Reached XP level 4. HP: 23/28 MP: 7/7
  2559 | D:3      | Noticed asdu's ghost (weakling DsAK)
  2758 | D:3      | Killed asdu's ghost
  2758 | D:3      | Reached skill level 1 in Throwing
  2758 | D:3      | Reached skill level 5 in Unarmed Combat
  2758 | D:3      | Reached XP level 5. HP: 5/33 MP: 7/8
  3234 | D:3      | Noticed Natasha
  3241 | D:3      | Killed Natasha
  3271 | D:3      | Noticed Natasha
  3279 | D:3      | Killed Natasha
  3289 | D:3      | Noticed Natasha
  3296 | D:3      | Killed Natasha
  3657 | D:3      | Reached XP level 6. HP: 24/38 MP: 9/9
  4007 | D:4      | HP: 1/38 [adder (4)]
  4007 | D:4      | Killed from afar by an orc wizard

Vault maps used:
D:1:      tarquinn_simple_flora_water_f, st_stairs_9, corexii_corridor_pit,
          xom_teletrap_fun
D:3:      uniq_natasha
D:4:      lemuel_castle_with_subvaults, first_bread, serial_bayou_crossing,
          uniq_duvessa

Action                   |  1- 3 |  4- 6 || total
-------------------------+-------+-------++-------
Melee: Unarmed           |    57 |   110 ||   167
Throw: Tomahawk          |    16 |    18 ||    34
 Cast: Sticks to Snakes  |       |     5 ||     5
       Spider Form       |       |     9 ||     9
  Use: Scroll            |     1 |     2 ||     3
 Stab: Sleeping          |     2 |     1 ||     3
  Eat: Chunk             |     3 |     3 ||     6
       Bread ration      |       |     1 ||     1
